 Dungeon Crawl Stone Soup version 0.19.1 (webtiles) character file.

93 Kailar the Insei (level 4, -1/32 HPs)
             Began as a Merfolk Transmuter on Nov 28, 2016.
             Slain by a gnoll
             ... wielding a +0 spear
              (5 damage)
             ... on level 4 of the Dungeon.
             The game lasted 00:27:49 (3242 turns).

Kailar the Insei (Merfolk Transmuter)               Turns: 3242, Time: 00:27:50

Health: -1/32      AC:  2    Str: 10    XL:     4   Next: 62%
Magic:  6/7        EV: 12    Int: 13    God:
Gold:   191        SH:  0    Dex: 14    Spells: 2 memorised, 3 levels left

rFire  . . .     SeeInvis .       - Unarmed
rCold  . . .     Gourm    .     k - -1 leather armour (curse)
rNeg   . . .     Faith    .     (no shield)
rPois  .         Spirit   .     (no helmet)
rElec  .         Reflect  .     (no cloak)
rCorr  .         Harm     .     (no gloves)
MR     .....                    (no boots)
Stlth  ..........               (no amulet)
                                (no ring)
                                l - ring of loudness (curse)

@: very slightly contaminated, hasted, very quick
A: change form in water, swift swim, stealthy swim
a: no special abilities


You were on level 4 of the Dungeon.
You were not hungry.

You visited 1 branch of the dungeon, and saw 4 of its levels.

You collected 191 gold pieces.

Inventory:

Hand Weapons
 j - a cursed -3 hunting sling
 m - a cursed +0 spear
 q - a +2 falchion of holy wrath
 s - a +0 mace
 u - a +0 hand axe
 w - a +0 falchion
Missiles
 a - 28 arrows
 g - 95 stones (quivered)
 p - 22 sling bullets
 v - 21 bolts
Armour
 b - a +1 robe
 e - a +0 scale mail
 k - a cursed -1 leather armour (worn)
 n - a +0 leather armour
 r - a +0 ring mail
Jewellery
 l - a cursed ring of loudness (left hand)
Scrolls
 i - a scroll of recharging
 o - 4 scrolls of identify
Potions
 h - a potion of haste
 z - a potion of ambrosia
Books
 c - a book of Changes

   Spells                             Type                      Level
   a - Beastly Appendage              Transmutation                1
   b - Sticks to Snakes               Transmutation                2
   c - Spider Form                    Transmutation/Poison         3
   d - Ice Form                       Ice/Transmutation            4
   e - Blade Hands                    Transmutation                5
Comestibles
 d - 3 bread rations
 f - 2 royal jellies
 t - 7 chunks of flesh


   Skills:
 - Level 1.1 Fighting
 - Level 0.2 Armour
 - Level 2.6 Dodging
 - Level 4.4 Unarmed Combat
 - Level 2.0 Spellcasting
 + Level 4.2 Transmutations
 * Level 1.8 Poison Magic


You had 3 spell levels left.
You knew the following spells:

 Your Spells              Type           Power        Failure   Level  Hunger
a - Beastly Appendage     Tmut           ##....       8%          1    ##.....
b - Spider Form           Tmut/Pois      #.........   30%         3    ####...


Dungeon Overview and Level Annotations

Branches:
Dungeon (4/15)
 Temple: D:4-7

Altars:


Message History

The gnoll is lightly wounded.
The hound pauses to sniff the ground.
The gnoll misses you. The gnoll hits you with a spear.
* * * LOW HITPOINT WARNING * * *
Your horns disappear.
The gnoll hits you from afar with a spear.
* * * LOW HITPOINT WARNING * * *
You see here a jackal corpse.
You feel better. The gnoll closely misses you. The gnoll completely misses you.
You feel yourself speed up.
The gnoll hits you from afar with a spear!
* * * LOW HITPOINT WARNING * * *
The gnoll misses you.
You hit the gnoll.
The gnoll is lightly wounded.
The gnoll misses you.
You closely miss the gnoll.
The gnoll is lightly wounded.
The gnoll hits you from afar with a spear.
You die...

#.# ##.#
..######..#
#........##
######...# .
#.#.# ...##
##.#...
......###[.#####.
#..hgg@.........
####g##.######..
#. #.# #. #.# ##
..# ..# .#.# #.#


You could see a hound and 3 gnolls.

Vanquished Creatures
  A gnoll (D:4)
  An adder (D:2)
  4 worms
  3 leopard geckos
  5 orcs (D:3)
  2 giant cockroaches
  3 goblins
  7 hobgoblins
  5 jackals
  8 kobolds
  5 bats
  3 frilled lizards
  6 rats
53 creatures vanquished.

Notes
Turn   | Place    | Note
-------+----------+-------------------------------------------
     0 | D:1      | Kailar the Merfolk Transmuter began the quest for the Orb.
     0 | D:1      | Reached XP level 1. HP: 15/15 MP: 3/3
   459 | D:1      | Reached XP level 2. HP: 21/21 MP: 3/5
  1629 | D:2      | Reached XP level 3. HP: 18/26 MP: 4/6
  1638 | D:2      | Learned a level 3 spell: Spider Form
  2521 | D:3      | Reached skill level 1 in Poison Magic
  2709 | D:3      | Reached XP level 4. HP: 26/32 MP: 5/7
  3242 | D:4      | Slain by a gnoll

Skill      XL: |  1  2  3  4 |
---------------+-------------+-----
Unarmed Combat | 4 |  4.4
Transmutations | 3 4 |  4.2
Poison Magic   | 1 |  1.8
Fighting       | |  1.1
Armour         | |  0.2
Dodging        | |  2.6
Spellcasting   | |  2.0

Action                   |  1- 3 |  4- 6 || total
-------------------------+-------+-------++-------
Melee: Unarmed           |   116 |    59 ||   175
       Headbutt          |    10 |     8 ||    18
       Punch             |     2 |       ||     2
Throw: Stone             |    39 |     9 ||    48
 Cast: Beastly Appendage |    21 |     7 ||    28
  Use: Scroll            |     6 |     2 ||     8
       Potion            |     2 |     2 ||     4
  Eat: Chunk             |     6 |     2 ||     8
Armor: Scale mail        |     4 |       ||     4
       Leather armour    |    13 |    17 ||    30
Dodge: Dodged            |    53 |    36 ||    89
